 Dungeon Crawl Stone Soup version 0.31-a0-190-g4feb4907b2 (webtiles) character file.

Game seed: 16041534500756390361

56 qw the Shooter (level 3, -4/20 HPs)
             Began as a Deep Elf Hunter on June 23, 2023.
             Slain by Sigmund
             ... wielding a +0 scythe
              (10 damage)
             ... on level 2 of the Dungeon.
             The game lasted 00:00:24 (1567 turns).

qw the Shooter (Deep Elf Hunter)                    Turns: 1567, Time: 00:00:24

Health: -4/20      AC:  3    Str: 10    XL:     3   Next: 71%
Magic:  5/5        EV: 12    Int: 13    God:
Gold:   3          SH:  0    Dex: 18    Spells: 2/2 levels left

rFire   + . .        Y - +1 shortbow (freeze)
rCold   + . .        (shield currently unavailable)
rNeg    . . .        c - +0 leather armour
rPois   .            (no helmet)
rElec   .            i - scarf {rC+ rF+}
rCorr   .            (no gloves)
SInv    .            (no boots)
Will    .....        (no amulet)
Stlth   ++           (no ring)
HPRegen 0.23/turn    (no ring)
MPRegen 0.09/turn

%: no passive effects
@: no status effects
A: no striking features
a: no special abilities


You were on level 2 of the Dungeon.
You visited 1 branch of the dungeon, and saw 2 of its levels.

You collected 3 gold pieces.


   Skills:
 - Level 1.5 Fighting
 + Level 7.2 Ranged Weapons
 - Level 2.4 Dodging
 - Level 1.2 Stealth


You had 2 spell levels left.
You didn't know any spells.
Your spell library was empty.

Inventory:

Hand Weapons
 Y - a +1 shortbow of freezing (weapon)
Armour
 c - a +0 leather armour (worn)
 h - a +2 scale mail of willpower
 i - a scarf of resistance (worn)
Scrolls
 a - 2 scrolls of identify
 d - a scroll of noise {unknown}
 f - a scroll of teleportation {unknown}
Potions
 b - a potion of curing {unknown}
 e - a potion of might {unknown}
 g - 2 potions of degeneration {unknown}
 j - a potion of brilliance {unknown}

Dungeon Overview and Level Annotations

Branches:
Dungeon (2/15)

Altars:

Annotations:
D:2 Sigmund


Message History

Enter note:
Enter note:
Enter note:
Enter note:
Enter note: Sigmund the Dreaded comes into view.
He is wielding a +0 scythe.
Sigmund shouts!
Enter note:
Enter note:
Enter note:
Enter note:
Enter note:
Enter note: You shoot an arrow.
The arrow hits Sigmund.
The arrow freezes Sigmund.
Sigmund is moderately wounded.
You shoot an arrow. The arrow completely misses Sigmund.
You shoot an arrow. The arrow hits Sigmund!
The arrow freezes Sigmund.
Sigmund is almost dead.
You shoot an arrow. The arrow hits Sigmund.
The arrow freezes Sigmund.
Sigmund is almost dead.
Sigmund hits you from afar with a +0 scythe.
You shoot an arrow. The arrow closely misses Sigmund.
You shoot an arrow.
The arrow hits Sigmund but does no damage.
Sigmund is almost dead.
Sigmund closely misses you.
You shoot an arrow.
The arrow hits Sigmund but does no damage.
Sigmund is almost dead.
Sigmund hits you from afar with a +0 scythe!
Ouch! That really hurt!
Enter note:
Enter note:
Enter note:
Enter note:
1567 ||| UPGRADING to +2 scale mail of willpower.
Sigmund hits you from afar with a +0 scythe!
You stop removing your armour.
Ouch! That really hurt!
You die...

## ######.##
#.......##
#.%......##
##.#.......########
#
...........@.@.....
##
..........########
##. #.##.....## #..
#.##.....# #..
#.......## #..
#......## ##.
...####.# .# #.. ##
#.# .# #.. ##'##
#.# #..


You could see Sigmund.

Vanquished Creatures
  2 adders (D:2)
  2 bats (D:1)
  An endoplasm (D:1)
  4 giant cockroaches (D:2)
  A goblin (D:1)
  3 hobgoblins
  7 jackals (D:1)
  2 kobolds
  4 quokkas
  2 ball pythons (D:2)
  2 frilled lizards
  3 rats
33 creatures vanquished.

Notes
Turn   | Place    | Note
-------+----------+-------------------------------------------
     0 | D:1      | qw the Deep Elf Hunter began the quest for the Orb.
     0 | D:1      | Reached XP level 1. HP: 12/12 MP: 3/3
     0 | D:1      | 0 ||| qw: Version: 0.3-a-9-g12657ce
     0 | D:1      | 0 ||| qw: Game counter: 4467
     0 | D:1      | 0 ||| qw: Always use a shield: true
     0 | D:1      | 0 ||| qw: God list: Okawaru
     0 | D:1      | 0 ||| qw: Allow faded altars: false
     0 | D:1      | 0 ||| qw: Do Orc after D:15 true
     0 | D:1      | 0 ||| qw: Do second Lair branch before Depths: true
     0 | D:1      | 0 ||| qw: Lair rune preference: random
     0 | D:1      | 0 ||| qw: Plans: Normal
     0 | D:1      | 0 ||| PLANNING D:1-11
   514 | D:1      | Found a faded altar of an unknown god.
   549 | D:1      | Reached skill level 6 in Ranged Weapons
   549 | D:1      | Reached XP level 2. HP: 16/16 MP: 4/4
   561 | D:1      | HP: 4/16 [jackal (1)]
  1052 | D:1      | 1052 ||| UPGRADING to scarf of resistance.
  1057 | D:1      | 1057 ||| READING 3 scrolls labelled RONUAGAGUN.
  1058 | D:1      | 1058 ||| READING scroll labelled YVAZ YKHLIELL.
  1059 | D:1      | 1059 ||| READING scroll labelled HILUTISAUSE.
  1060 | D:1      | 1060 ||| READING scroll labelled PAEWUWALEU.
  1061 | D:1      | 1061 ||| READING 2 scrolls of identify.
  1061 | D:1      | 1061 ||| IDENTIFYING smoky purple potion
  1062 | D:1      | 1062 ||| DROPPING scroll of butterflies.
  1063 | D:1      | 1063 ||| DROPPING potion of attraction.
  1219 | D:2      | Reached XP level 3. HP: 16/20 MP: 5/5
  1316 | D:2      | Reached skill level 7 in Ranged Weapons
  1559 | D:2      | Noticed Sigmund
  1567 | D:2      | 1567 ||| UPGRADING to +2 scale mail of willpower.
  1567 | D:2      | Slain by Sigmund

Levels and vault maps discovered:
D:1:      amcnicky_arrival_double_pillar, layout_basic,
          shapermc_ecumenical_altar_totnotflames, serial_rivers,
          chequers_serial_rivers_marsh, chequers_serial_rivers_large_b,
          chequers_serial_rivers_room_a, chequers_serial_rivers_micro_c,
          chequers_serial_rivers_small_b, chequers_serial_rivers_micro_b,
          minmay_misc_feat_rugged, minmay_misc_feat_diagonals, minivault_4
D:2:      layout_loops_corners, basic_altar, minmay_misc_feat_pillars,
          uniq_sigmund

Skill      XL: |  1  2  3 |
---------------+----------+-----
Ranged Weapons | 6 7 |  7.2
Fighting       | |  1.5
Dodging        | |  2.4
Stealth        | |  1.2

Action                     || total
---------------------------++-------
   Fire: Shortbow          ||    87
    Use: Scroll            ||     5
 Armour: Leather armour    ||    11
  Dodge: Dodged            ||    34

Table legend:
 A = Non-vault XP
 B = Vault XP
 C = Vault XP percentage of total XP
 D = Non-vault monster count
 E = Vault monster count
 F = Vault count percentage of total count
                 A         B        C        D         E       F
            +---------+---------+-------+---------+---------+-------
      Total |      81 |       0 |   0.0 |      33 |       0 |   0.0
            +---------+---------+-------+---------+---------+-------
        D:1 |      35 |       0 |   0.0 |      19 |       0 |   0.0
        D:2 |      46 |       0 |   0.0 |      14 |       0 |   0.0
            +---------+---------+-------+---------+---------+-------
